 Dungeon Crawl Stone Soup version 0.28.0-53-g5a82cb258f (webtiles) character file.

Game seed: 15151876612189983240

1 eooof the Firebug (level 1, -1/18 HPs)
             Began as a Human Cinder Acolyte on May 23, 2022.
             Was a High Priest of Ignis.
             Frozen to death by an endoplasm (2 damage)
             ... on level 1 of the Dungeon.
             The game lasted 00:01:53 (80 turns).

eooof the Firebug (Human Cinder Acolyte)              Turns: 80, Time: 00:01:56

Health: -1/18      AC:  2    Str: 14    XL:     1   Next: 22%
Magic:  2/2        EV: 11    Int: 14    God:    Ignis [*****.]
Gold:   19         SH:  0    Dex:  8    Spells: 2/2 levels left

rFire   + . .      SeeInvis .   a - -1 spear (flame)
rCold   . . .      Faith    .   (no shield)
rNeg    . . .      Spirit   .   b - +0 robe
rPois   .          Reflect  .   (no helmet)
rElec   .          Harm     .   (no cloak)
rCorr   .          Rampage  .   (no gloves)
Will    .....                   (no boots)
Stlth   +.........              (no amulet)
HPRegen 0.06/turn               (no ring)
MPRegen 0.08/turn               (no ring)

@: no status effects
A: no striking features
a: Renounce Religion, Fiery Armour, Foxfire Swarm, Rising Flame


You were on level 1 of the Dungeon.
You worshipped Ignis.
Ignis was extremely pleased with you.
You visited 1 branch of the dungeon, and saw 1 of its levels.

You collected 19 gold pieces.

Inventory:

Hand Weapons
 a - a -1 spear of flaming (weapon)
Missiles
 c - 5 silver boomerangs (quivered)
 d - 25 arrows
Armour
 b - a +0 robe (worn)


   Skills:
 + Level 3.0 Fighting
 + Level 3.0 Polearms
 + Level 1.0 Spellcasting
 + Level 3.0 Fire Magic


You had 2 spell levels left.
You didn't know any spells.
Your spell library contained the following spells:

 Spells                   Type           Power      Damage    Failure   Level
 Scorch                   Fire           18%        2d5       12%         2


Dungeon Overview and Level Annotations

Branches:
Dungeon (1/15)

Altars:


Message History

Found a scroll labelled DOKKA JINYDU.
Found a stone staircase leading down.
The endoplasm quivers.
A rat and a frilled lizard come into view.
The frilled lizard hisses angrily.
A jackal comes into view.
Found a scroll labelled ZIWUOST YCVOWK.
The rat bites you.
A jackal comes into view.
You closely miss the rat.
The jackal barks!
The rat closely misses you.
You barely miss the rat. The rat bites you but does no damage.
You completely miss the rat. The rat closely misses you.
The endoplasm barely misses you.
You hit the rat but do no damage. The rat bites you. The endoplasm freezes you.
You are frozen.
You barely miss the rat. The jackal bites you. The rat completely misses you.
The endoplasm hits you. The jackal closely misses you.
You barely miss the endoplasm. The rat bites you but does no damage.
The endoplasm hits you but does no damage.
A jackal comes into view.
You barely miss the endoplasm.
The jackal barks!
The jackal bites you.
* * * LOW HITPOINT WARNING * * *
The jackal bites you.
* * * LOW HITPOINT WARNING * * *
The rat bites you but does no damage. The endoplasm freezes you.
You are frozen.
* * * LOW HITPOINT WARNING * * *
The jackal closely misses you. The endoplasm closely misses you.
You hit the jackal. You burn the jackal.
The jackal is moderately wounded.
The jackal bites you but does no damage.
A giant cockroach comes into view.
The endoplasm freezes you.
You are frozen.
You die...

.......# ###........
.######.....###..........
............#......##....
...............#####....
.......................
#.?###.....#######.... .
... #..#.## #####.
....##.##.##.# ##♣≈≈≈##.
...>..rh@....# #>.♣≈≈≈#.
......lJh......###..♣♣♣#.
....##.#...#####<......'.
### #..#.#... ###..♣♣♣##
?h....##### #..♣≈≈≈#
#..##### ##♣≈≈≈## #..
#### B.#


You could see an endoplasm, 3 jackals, a giant cockroach (wandering), a frilled
lizard and a rat.

Vanquished Creatures
  A hobgoblin (D:1)
1 creature vanquished.

Notes
Turn   | Place    | Note
-------+----------+-------------------------------------------
     0 | D:1      | eooof the Human Cinder Acolyte began the quest for the Orb.
     0 | D:1      | Reached XP level 1. HP: 18/18 MP: 2/2
    80 | D:1      | Frozen to death by an endoplasm

Illustrated notes

Levels and vault maps discovered:
D:1:      saegor_arrival_simple_d, layout_rooms, minmay_tetromino_o4

Action                   || total
-------------------------++-------
Melee: Spear             ||    12
Armor: Robe              ||     5
Dodge: Dodged            ||     9
